 Dungeon Crawl Stone Soup version 0.31-a0-819-gf6de2f5ab6 (webtiles) character file.

Game seed: 15480976393528421101

52 qw the Shooter (level 3, -4/22 HPs)
             Began as a Gargoyle Hunter on Sept 23, 2023.
             Killed by nerve-wracking pain
             ... invoked by Jessica
              (6 damage)
             ... on level 2 of the Dungeon.
             The game lasted 00:00:24 (617 turns).

qw the Shooter (Gargoyle Hunter)                     Turns: 617, Time: 00:00:25

Health: -4/22      AC:  6    Str: 14    XL:     3   Next: 85%
Magic:  3/3        EV: 11    Int:  9    God:
Gold:   66         SH:  0    Dex: 15    Spells: 2/2 levels left

rFire   . . .        Y - +0 shortbow
rCold   . . .        (shield currently unavailable)
rNeg    + . .        c - +0 leather armour
rPois   inf          (no helmet)
rElec   +            (no cloak)
rCorr   .            (no gloves)
SInv    .            (no boots)
Will    .....        (no amulet)
Stlth   ++           (no ring)
HPRegen 0.23/turn    (no ring)
MPRegen 0.08/turn

%: no passive effects
@: about to teleport
A: sickness immunity, AC +3, negative energy resistance 1, electricity
resistance, torment resistance 1, petrification resistance
a: no special abilities


You were on level 2 of the Dungeon.
You visited 1 branch of the dungeon, and saw 2 of its levels.

You collected 66 gold pieces.


Innate Abilities, Weirdness & Mutations

You are immune to sickness and miasma.
Your stone body is resilient. (AC +3)
You are immune to poison.
You resist negative energy. (rN+)
You are resistant to electric shocks. (rElec)
You are resistant to unholy torment.
You are immune to petrification.


   Skills:
 + Level 2.9 Fighting
 - Level 5.0 Ranged Weapons
 - Level 1.5 Dodging
 - Level 1.1 Stealth


You had 2 spell levels left.
You didn't know any spells.
Your spell library was empty.

Inventory:

Hand Weapons
 Y - a +0 shortbow (weapon)
Armour
 c - a +0 leather armour (worn)
Scrolls
 f - a scroll of identify
Potions
 j - 2 potions of curing {unknown}
 l - a potion of lignification {unknown}
 m - a potion of degeneration {unknown}

Dungeon Overview and Level Annotations

Branches:
Dungeon (2/15)

Altars:

Annotations:
D:2 Jessica


Message History

The jackal bites you but does no damage.
The jackal closely misses you.
The jackal bites you but does no damage.
Jessica gestures wildly.
You shoot an arrow. The arrow barely misses the jackal.
The jackal closely misses you.
The jackal bites you but does no damage.
Jessica gestures wildly while chanting.
Jessica seems to speed up.
The jackal bites you but does no damage. x2
You shoot an arrow. The arrow hits the jackal!
You kill the jackal!
The jackal barely misses you. Jessica hits you with a +0 club.
You shoot an arrow. The endoplasm quivers.
The arrow hits Jessica.
Jessica is severely wounded.
The jackal closely misses you. Jessica hits you but does no damage.
The jackal barely misses you. Jessica gestures at you while chanting.
You resist with some effort.
You shoot an arrow. The arrow hits Jessica.
Jessica is almost dead.
The jackal bites you but does no damage.
Jessica hits you but does no damage. The jackal bites you.
Jessica hits you with a +0 club.
You shoot an arrow. The arrow barely misses Jessica.
The jackal barely misses you. Jessica hits you with a +0 club.
The jackal closely misses you.
You shoot an arrow. The arrow barely misses Jessica.
Jessica hits you with a +0 club.
The jackal bites you but does no damage.
Jessica barely misses you.
617 ||| READING scroll of teleportation.
As you read the scroll of teleportation, it crumbles to dust.
You feel strangely unstable. The jackal bites you.
Jessica gestures at you while chanting. Pain shoots through your body!
You die...

#.#
#......).....##.P
#.#
#.##...)..#.....~
#.#
#...........#...~
#.#
#.##..%...#...#.P
#<#
#.###...#.##.#...
#.# #.#
##........... ..#
####....##.. #.
####.....#..
#Jh@........
#..@%%.....#.
#.%##......# #..
#..#..... #.
#####.... #. ....
# ##.


You could see Jessica (fast), an endoplasm and a jackal.

Vanquished Creatures
  2 adders
  2 dart slugs
  4 bats (D:1)
  2 endoplasms (D:1)
  3 giant cockroaches (D:1)
  5 hobgoblins
  2 jackals (D:2)
  5 kobolds
  2 frilled lizards (D:1)
  3 rats (D:1)
30 creatures vanquished.

Notes
Turn   | Place    | Note
-------+----------+-------------------------------------------
     0 | D:1      | qw the Gargoyle Hunter began the quest for the Orb.
     0 | D:1      | Reached XP level 1. HP: 12/12 MP: 1/1
     0 | D:1      | 0 ||| qw: Version: 0.3-a-83-gcd0e7d8
     0 | D:1      | 0 ||| qw: Game counter: 1478
     0 | D:1      | 0 ||| qw: Melee chars always use a shield: true
     0 | D:1      | 0 ||| qw: God list: Okawaru
     0 | D:1      | 0 ||| qw: Allow faded altars: false
     0 | D:1      | 0 ||| qw: Do Orc after clearing Dungeon:15 true
     0 | D:1      | 0 ||| qw: Do second Lair branch before Depths: true
     0 | D:1      | 0 ||| qw: Lair rune preference: random
     0 | D:1      | 0 ||| qw: Goals: Normal
     0 | D:1      | 0 ||| PLANNING D:1-11
   154 | D:1      | Reached XP level 2. HP: 17/17 MP: 2/2
   502 | D:1      | 502 ||| DROPPING amulet of magic regeneration.
   503 | D:1      | 503 ||| DROPPING ring of magical power.
   504 | D:1      | 504 ||| READING 2 scrolls labelled WOMNYE IKIDA.
   505 | D:1      | 505 ||| READING 2 scrolls labelled RITUMO KEOROABB.
   509 | D:1      | 509 ||| READING 3 scrolls labelled JEAKEO MOURUADUI.
   510 | D:1      | 510 ||| READING scroll labelled EREXTA EZARRIU.
   511 | D:1      | 511 ||| READING 2 scrolls of identify.
   511 | D:1      | 511 ||| IDENTIFYING sedimented blue potion
   512 | D:1      | 512 ||| DROPPING scroll of fear.
   513 | D:1      | 513 ||| DROPPING scroll of butterflies.
   514 | D:1      | 514 ||| DROPPING potion of brilliance.
   531 | D:2      | 531 ||| STAIRDANCE
   536 | D:1      | Reached skill level 5 in Ranged Weapons
   536 | D:1      | Reached XP level 3. HP: 21/21 MP: 3/3
   539 | D:2      | 539 ||| STAIRDANCE
   600 | D:2      | Noticed Jessica
   616 | D:2      | HP: 5/22 [Jessica/+0 club (1)]
   617 | D:2      | 617 ||| READING scroll of teleportation.
   617 | D:2      | HP: 2/22 [jackal (3)]
   617 | D:2      | Killed from afar by Jessica

Levels and vault maps discovered:
D:1:      minmay_arrival_doors, layout_basic
D:2:      layout_loops_ring, shapermc_ecumenical_altar_pompeii,
          hangedman_decor_growths, serial_bayou_pond_b, minmay_3d_cube,
          uniq_jessica, uniq_sigmund

Skill      XL: |  1  2 |
---------------+-------+-----
Ranged Weapons | 5 |  5.0
Fighting       | |  2.9
Dodging        | |  1.5
Stealth        | |  1.1

Action                     || total
---------------------------++-------
   Fire: Shortbow          ||   102
    Use: Scroll            ||     6
 Armour: Leather armour    ||    69
  Dodge: Dodged            ||    65

Table legend:
 A = Non-vault XP
 B = Vault XP
 C = Vault XP percentage of total XP
 D = Non-vault monster count
 E = Vault monster count
 F = Vault count percentage of total count
                 A         B        C        D         E       F
            +---------+---------+-------+---------+---------+-------
      Total |      73 |       2 |   2.7 |      29 |       1 |   3.3
            +---------+---------+-------+---------+---------+-------
        D:1 |      45 |       0 |   0.0 |      20 |       0 |   0.0
        D:2 |      28 |       2 |   6.7 |       9 |       1 |  10.0
            +---------+---------+-------+---------+---------+-------
